 Dungeon Crawl Stone Soup version 0.30-a0-1074-g5db6f66fbb (webtiles) character file.

Game seed: 4273664711259186212

494 jimonade the Slasher (level 7, -2/64 HPs)
             Began as a Naga Fighter on Apr 13, 2023.
             Slain by an ogre
             ... wielding a +0 giant club
              (5 damage)
             ... on level 4 of the Dungeon.
             The game lasted 00:10:52 (3518 turns).

jimonade the Slasher (Naga Fighter)                 Turns: 3518, Time: 00:10:53

Health: -2/64      AC:  8    Str: 19    XL:     7   Next: 15%
Magic:  7/7        EV:  9    Int:  8    God:
Gold:   171        SH:  4    Dex: 12    Spells: 6/6 levels left

rFire   + . .      SeeInvis +    a - +0 long sword
rCold   . . .      Faith    .    c - +0 buckler
rNeg    . . .      Spirit   .    A - +3 leather armour {rF+}
rPois   +          Reflect  .    (no helmet)
rElec   .          Rampage  .    h - +0 cloak
rCorr   .                        (no gloves)
Will    .....                    (no barding)
Stlth   +                        u - amulet of regeneration
HPRegen 1.10/turn                (no ring)
MPRegen 0.10/turn                (no ring)

@: mighty, very slow
A: AC +2, large, see invisible, deformed body, poison resistance, slowness 2,
spit poison 1, naga tail 1
a: Spit Poison


You were on level 4 of the Dungeon.
You visited 1 branch of the dungeon, and saw 4 of its levels.

You collected 171 gold pieces.

Inventory:

Hand Weapons
 a - a +0 long sword (weapon)
 b - a +0 shortbow
 s - a +1 dagger of flaming
 z - a +0 rapier
Missiles
 i - 4 boomerangs of dispersal
 w - 11 poisoned darts
Armour
 c - a +0 buckler (worn)
 h - a +0 cloak (worn)
 A - a +3 leather armour of fire resistance (worn)
Jewellery
 u - an amulet of regeneration (around neck)
Scrolls
 f - a scroll of fear {unknown}
 g - a scroll of immolation {unknown}
 l - a scroll of noise {unknown}
 m - a scroll of silence {unknown}
 o - a scroll of magic mapping {unknown}
 p - a scroll of teleportation {unknown}
 r - a scroll of brand weapon {unknown}
 t - a scroll of fog {unknown}
 x - 9 scrolls of identify {unknown}
 y - a scroll of enchant armour {unknown}
 B - a scroll of blinking {unknown}
Potions
 e - 2 potions of flight {unknown}
 j - 6 potions of curing {unknown}
 k - a potion of lignification {unknown}
 n - 4 potions of heal wounds {unknown}
 q - 2 potions of degeneration {unknown}
 v - a potion of brilliance {unknown}
 C - 2 potions of ambrosia {unknown}
 D - a potion of haste {unknown}
 E - a potion of berserk rage {unknown}


   Skills:
 + Level 4.1 Fighting
 + Level 4.6 Long Blades
 + Level 3.9 Armour
 + Level 1.7 Dodging
 + Level 1.5 Stealth
 + Level 3.3 Shields


You had 6 spell levels left.
You didn't know any spells.
Your spell library contained the following spells:

 Spells                   Type           Power      Damage    Failure   Level
 Apportation              Tloc           0%         N/A       54%         1
 Necrotise                Necr           0%         1d4       54%         1
 Sandblast                Erth           0%         2d4       54%         1
 Shock                    Conj/Air       0%         1d3       54%         1
 Summon Small Mammal      Summ           0%         N/A       54%         1
 Passwall                 Tmut/Erth      0%         N/A       67%         2
 Stone Arrow              Conj/Erth      0%         3d7       88%         3
 Swiftness                Air            0%         N/A       88%         3
 Airstrike                Air            0%         2d(0-16)  99%         4


Dungeon Overview and Level Annotations

Branches:
Dungeon (4/15)
 Temple: D:4-7

Altars:
Yredelemnul


Innate Abilities, Weirdness & Mutations

Your serpentine skin is tough. (AC +2)
You have supernaturally acute eyesight. (SInv)
Armour fits poorly on your strangely shaped body.
Your system is resistant to poisons. (rPois)
You cover ground very slowly.
You can spit poison.
You have a snake-like lower body.


Message History

The orc priest is moderately wounded.
The orc priest hits you with a +0 whip.
You barely miss the orc priest.
The orc priest is moderately wounded.
You have got your breath back.
The orc priest barely misses you.
You barely miss the orc priest.
The orc priest is moderately wounded.
The orc priest completely misses you.
You barely miss the orc priest.
The orc priest is moderately wounded.
The ogre shouts!
The orc priest calls down the wrath of Beogh upon you.
Beogh smites you!
You slash the orc priest!
The orc priest is almost dead.
The orc priest hits you but does no damage.
The orc priest mumbles some strange prayers to Beogh against you.
Beogh smites you!
You closely miss the orc priest.
The orc priest is severely wounded.
The orc priest hits you with a +0 whip. The ball python barely misses you.
You closely miss the orc priest.
The orc priest is severely wounded.
The orc priest hits you but does no damage.
The ball python barely misses you.
You slash the orc priest!
You kill the orc priest!
The ball python bites you but does no damage.
The ball python bites you.
The ogre hits you with a +0 giant club!!
You feel very mighty all of a sudden.
You slash the ogre!
The ogre is moderately wounded.
The ogre hits you with a +0 giant club!!
* * * LOW HITPOINT WARNING * * *
You slash the ogre!
The ogre is heavily wounded.
The ogre hits you with a +0 giant club.
You die...

#.# #.# #.#
....# #.#
..$..# #.#
......# #.#
.......##.#
........#.#
........#@#
♣.......#O#
........)S#
........'.#
♣.......#.#
........#.#
........#.#
.......##.#
......# ..#


You could see an ogre and a ball python.

Vanquished Creatures
  Eustachio (D:4)
  A centaur (D:4)
  A hound (D:4)
  An orc priest (D:4)
  An iguana (D:4)
  An orc wizard (D:3)
  7 adders
  4 worms
  2 dart slugs
  5 orcs
  10 ball pythons
  8 endoplasms
  3 giant cockroaches
  11 goblins
  6 hobgoblins
  2 jackals (D:4)
  4 quokkas
  7 bats
  2 frilled lizards
  A goblin skeleton (D:3)
  5 kobolds
  3 rats
86 creatures vanquished.

Notes
Turn   | Place    | Note
-------+----------+-------------------------------------------
     0 | D:1      | jimonade the Naga Fighter began the quest for the Orb.
     0 | D:1      | Reached XP level 1. HP: 21/21 MP: 1/1
    35 | D:1      | Reached XP level 2. HP: 20/28 MP: 2/2
   440 | D:1      | Reached XP level 3. HP: 34/34 MP: 3/3
  1270 | D:2      | Reached XP level 4. HP: 21/42 MP: 4/4
  1822 | D:3      | Found a runed translucent door.
  1823 | D:3      | Noticed a human
  1969 | D:3      | Found a basalt altar of Yredelemnul.
  2269 | D:3      | Reached XP level 5. HP: 38/49 MP: 5/5
  2731 | D:4      | Reached skill level 1 in Stealth
  2740 | D:4      | Noticed Eustachio
  2797 | D:4      | Killed Eustachio
  2798 | D:4      | Reached skill level 1 in Dodging
  2798 | D:4      | Reached XP level 6. HP: 13/57 MP: 6/6
  3326 | D:4      | Reached XP level 7. HP: 49/64 MP: 7/7
  3517 | D:4      | HP: 2/64 [ogre/+0 giant club (21)]
  3518 | D:4      | Slain by an ogre

Illustrated notes

Levels and vault maps discovered:
D:1:      psy_arrival_radial01, layout_basic, minmay_domino_4
D:2:      layout_basic, chequers_avenue, nicolae_hexahallways
D:3:      layout_loops_ring, dk_yredelemnul_ordeal
D:4:      kennysheep_big_flooded_room, layout_layer_cave, amethyst_killhole,
          minmay_fractal_squares_diagonal_5, uniq_eustachio

Skill      XL: |  1  2  3  4  5  6 |
---------------+-------------------+-----
Shields        | 3 |  3.3
Armour         | 3 |  3.9
Long Blades    | 3 4 |  4.6
Stealth        | 1 |  1.5
Dodging        | 1 |  1.7
Fighting       | 4 |  4.1

Action                     |  1- 3 |  4- 6 |  7- 9 || total
---------------------------+-------+-------+-------++-------
  Melee: Long sword        |   105 |   216 |    24 ||   345
Ability: Spit Poison       |       |     9 |     1 ||    10
    Use: Potion            |       |       |     1 ||     1
 Armour: Scale mail        |    10 |       |       ||    10
         Ring mail         |    60 |    66 |       ||   126
         Leather armour    |       |    39 |     8 ||    47
  Dodge: Dodged            |    50 |    95 |    13 ||   158
  Block: Buckler           |    22 |    54 |     6 ||    82

Table legend: (Time is in decaauts)
 A = Elapsed time spent in this place.
 B = Non-inter-level travel time spent in this place.
 C = Inter-level travel time spent in this place.
 D = Time resting spent in this place.
 E = Time spent auto-exploring this place.
 F = Levels seen in this place.
 G = Mean time per level.
                   A        B        C        D        E       F      G
               +--------+--------+--------+--------+--------+-----+--------+
         Total |   4598 |   4454 |    144 |      0 |   3036 |   4 | 1149.5 |
       Dungeon |   4598 |   4454 |    144 |      0 |   3036 |   4 | 1149.5 |
               +--------+--------+--------+--------+--------+-----+--------+

Top non-repeatable levels by time:
     D:4: 1237 daAuts
     D:2: 1147 daAuts
     D:3: 1129 daAuts
     D:1: 1084 daAuts
